TOP OF THE 1ST |
Baltimore Orioles batting - Pitching for San Diego Padres : RHP Drew Rasmussen
|
Pitching: RHP Drew Rasmussen
|
|
Batting: RHB Vaughn Grissom
|
0-0: Swinging Strike 0-1: Ball 1-1: SINGLE (Line Drive, 6D, EV 98.8 MPH)
|
Batting: LHB Masataka Yoshida
|
0-0: Foul Ball, location: 2RF 0-1: Foul Ball, location: 2F 0-2: Strikes out swinging
|
Batting: RHB Trevor Story
|
0-0: Called Strike 0-1: Ball 1-1: Called Strike 1-2: Foul Ball, location: 25F 1-2: Ball 2-2: Foul Ball, location: 2F 2-2: Foul Ball, location: 2F 2-2: Strikes out swinging
|
Batting: LHB Oscar Colas
|
0-0: Called Strike 0-1: Called Strike 0-2: Ball 1-2: Ball 2-2: Strikes out swinging
|
Top of the 1st over - 0 runs, 1 hit, 0 errors, 1 left on base; Baltimore 0 - San Diego 0 |
BOTTOM OF THE 1ST |
San Diego Padres batting - Pitching for Baltimore Orioles : RHP Shintaro Fujinami
|
Pitching: RHP Shintaro Fujinami
|
|
Batting: LHB Mike Moustakas
|
0-0: Ball 1-0: Ground out 6-3 (Groundball, 4S, EV 82.5 MPH)
|
Batting: RHB Harrison Bader
|
0-0: Bunt missed! 0-1: Swinging Strike 0-2: Strikes out swinging
|
Batting: LHB Freddie Freeman
|
0-0: Ball 1-0: Foul Ball, location: 23FF 1-1: Ball 2-1: Swinging Strike 2-2: Ball 3-2: Foul Ball, location: 25FF 3-2: Base on Balls
|
Batting: RHB Seiya Suzuki
|
0-0: Foul Ball, location: 2LF 0-1: Ball 1-1: Ball 2-1: Ball 3-1: Ground out 4-3 (Groundball, 34, EV 106.3 MPH)
|
Bottom of the 1st over - 0 runs, 0 hits, 0 errors, 1 left on base; Baltimore 0 - San Diego 0 |
TOP OF THE 2ND |
Baltimore Orioles batting - Pitching for San Diego Padres : RHP Drew Rasmussen
|
Batting: RHB Nick Castellanos
|
0-0: Called Strike 0-1: Ball 1-1: Foul Ball, location: 25F 1-2: Fly out, F9 (Flyball, 89M, EV 88.1 MPH)
|
Batting: RHB Andrew McCutchen
|
0-0: Called Strike 0-1: Foul Ball, location: 25F 0-2: Ball 1-2: Fly out, F7 (Line Drive, 78M, EV 98.8 MPH)
|
Batting: RHB Carlos Perez
|
0-0: Ball 1-0: Ball 2-0: Ball 3-0: Called Strike 3-1: Fly out, F7 (Flyball, 78M, EV 101.9 MPH)
|
Top of the 2nd over - 0 runs, 0 hits, 0 errors, 0 left on base; Baltimore 0 - San Diego 0 |
BOTTOM OF THE 2ND |
San Diego Padres batting - Pitching for Baltimore Orioles : RHP Shintaro Fujinami
|
Batting: LHB Joc Pederson
|
0-0: Ball 1-0: Ball 2-0: Called Strike 2-1: Ball 3-1: Base on Balls
|
Batting: SHB Tommy Edman
|
0-0: SINGLE (Groundball, 34D, EV 103.1 MPH) Joc Pederson to second Runner from 2nd tries for 3rd, SAFE, no throw by RF
|
Batting: SHB Carlos Santana
|
0-0: Foul Ball, location: 7LMF 0-1: Called Strike Tommy Edman steals 2nd base 0-2: Ball Wild Pitch! Joc Pederson scores Tommy Edman to third 1-2: Ball 2-2: Foul Ball, location: 3F 2-2: Foul Ball, location: 2LF 2-2: Foul Ball, location: 3FF 2-2: Foul Ball, location: 5SF 2-2: Foul Ball, location: 7LMF 2-2: Foul Ball, location: 7LDF 2-2: Strikes out looking
|
Batting: RHB Edmundo Sosa
|
0-0: Called Strike 0-1: Ball 1-1: Fly out, F7 (Line Drive, 78M, EV 91.3 MPH) Runner from 3rd tags up, SCORES, no throw by LF
|
Batting: RHB Jorge Alfaro
|
0-0: Called Strike 0-1: Called Strike 0-2: Strikes out swinging
|
Bottom of the 2nd over - 2 runs, 1 hit, 0 errors, 0 left on base; Baltimore 0 - San Diego 2 |
TOP OF THE 3RD |
Baltimore Orioles batting - Pitching for San Diego Padres : RHP Drew Rasmussen
|
Batting: RHB Wilfredo Tovar
|
0-0: Ball 1-0: SINGLE (Groundball, 34D, EV 102.5 MPH)
|
Batting: LHB Jose Devers
|
0-0: Foul Ball, location: 5SF 0-1: SINGLE (Groundball, 6MD, EV 108.8 MPH) Wilfredo Tovar to second Runner from 2nd tries for 3rd, SAFE, no throw by CF
|
Batting: RHB Vaughn Grissom
|
0-0: Foul Ball, location: 2F 0-1: Ball 1-1: Swinging Strike 1-2: Foul Ball, location: 2F 1-2: Foul Ball, location: 2F 1-2: Ground out 5-3 (Groundball, 56S, EV 70.0 MPH) Wilfredo Tovar scores Jose Devers to second
|
Batting: LHB Masataka Yoshida
|
0-0: Ball 1-0: Ground out 6-3 (Groundball, 6M, EV 87.5 MPH) Jose Devers to third
|
Batting: RHB Trevor Story
|
0-0: Foul Ball, location: 9LSF 0-1: Ball 1-1: Ball 2-1: Swinging Strike 2-2: Foul Ball, location: 2F 2-2: Strikes out swinging
|
Top of the 3rd over - 1 run, 2 hits, 0 errors, 1 left on base; Baltimore 1 - San Diego 2 |
BOTTOM OF THE 3RD |
San Diego Padres batting - Pitching for Baltimore Orioles : RHP Shintaro Fujinami
|
Batting: LHB Mike Moustakas
|
0-0: Foul Ball, location: 23F 0-1: Ground out 6-3 (Groundball, 4, EV 75.6 MPH)
|
Batting: RHB Harrison Bader
|
0-0: Ball 1-0: Ball 2-0: Ball 3-0: Called Strike 3-1: Foul Ball, location: 2F 3-2: Foul Ball, location: 2F 3-2: Ground out 6-3 (Groundball, 6, EV 85.0 MPH)
|
Batting: LHB Freddie Freeman
|
0-0: Called Strike 0-1: Ball 1-1: Foul Ball, location: 2F 1-2: Ball 2-2: Fly out, F9 (Flyball, 9, EV 93.8 MPH)
|
Bottom of the 3rd over - 0 runs, 0 hits, 0 errors, 0 left on base; Baltimore 1 - San Diego 2 |
TOP OF THE 4TH |
Baltimore Orioles batting - Pitching for San Diego Padres : RHP Drew Rasmussen
|
Batting: LHB Oscar Colas
|
0-0: Ball 1-0: Called Strike 1-1: Ball 2-1: Foul Ball, location: 2F 2-2: Foul Ball, location: 5SF 2-2: Strikes out looking
|
Batting: RHB Nick Castellanos
|
0-0: SOLO HOME RUN (Line Drive, 7LD, EV 98.8 MPH), Distance : 362 ft
|
Batting: RHB Andrew McCutchen
|
0-0: Called Strike 0-1: Ball 1-1: Fly out, F9 (Flyball, 9, EV 86.3 MPH)
|
Batting: RHB Carlos Perez
|
0-0: Ball 1-0: Ball 2-0: Ground out 6-3 (Groundball, 6S, EV 86.9 MPH)
|
Top of the 4th over - 1 run, 1 hit, 0 errors, 0 left on base; Baltimore 2 - San Diego 2 |
BOTTOM OF THE 4TH |
San Diego Padres batting - Pitching for Baltimore Orioles : RHP Shintaro Fujinami
|
Batting: RHB Seiya Suzuki
|
0-0: Ball 1-0: Ball 2-0: TRIPLE (Line Drive, 9LD, EV 104.4 MPH)
|
Batting: LHB Joc Pederson
|
0-0: Called Strike 0-1: Ball 1-1: Ball 2-1: Foul Ball, location: 5FF 2-2: Ball 3-2: Foul Ball, location: 2F 3-2: Ground out 3-1 (Groundball, 34, EV 99.4 MPH)
|
Batting: SHB Tommy Edman
|
0-0: Fly out, F5 (Popup, 6S, EV 60.6 MPH)
|
Batting: SHB Carlos Santana
|
0-0: Called Strike 0-1: Swinging Strike 0-2: Ball 1-2: Ground out 4-3 (Groundball, 4, EV 86.3 MPH)
|
Bottom of the 4th over - 0 runs, 1 hit, 0 errors, 1 left on base; Baltimore 2 - San Diego 2 |
TOP OF THE 5TH |
Baltimore Orioles batting - Pitching for San Diego Padres : RHP Drew Rasmussen
|
Batting: RHB Wilfredo Tovar
|
0-0: Called Strike 0-1: Ball 1-1: Ball 2-1: Called Strike 2-2: Foul Ball, location: 2F 2-2: Strikes out looking
|
Batting: LHB Jose Devers
|
0-0: Called Strike 0-1: Ground out 5-3 (Groundball, 56S, EV 90.0 MPH)
|
Batting: RHB Vaughn Grissom
|
0-0: Swinging Strike 0-1: Ball 1-1: Ball 2-1: Ball 3-1: Swinging Strike 3-2: Strikes out swinging
|
Top of the 5th over - 0 runs, 0 hits, 0 errors, 0 left on base; Baltimore 2 - San Diego 2 |
BOTTOM OF THE 5TH |
San Diego Padres batting - Pitching for Baltimore Orioles : RHP Shintaro Fujinami
|
Batting: RHB Edmundo Sosa
|
0-0: Ground out 5-3 (Groundball, 56, EV 80.6 MPH)
|
Batting: RHB Jorge Alfaro
|
0-0: Ball 1-0: Ground out 5-3 (Groundball, 56, EV 83.1 MPH)
|
Pitching: RHP Luis Ortiz
|
|
Batting: LHB Mike Moustakas
|
0-0: Ground out 4-3 (Groundball, 4, EV 100.0 MPH)
|
Bottom of the 5th over - 0 runs, 0 hits, 0 errors, 0 left on base; Baltimore 2 - San Diego 2 |
TOP OF THE 6TH |
Baltimore Orioles batting - Pitching for San Diego Padres : RHP Drew Rasmussen
|
Pitching: LHP Tanner Scott
|
|
Batting: LHB Masataka Yoshida
|
0-0: Hit by Pitch
|
Batting: RHB Trevor Story
|
0-0: Ground out 5-3 (Groundball, 56S, EV 71.3 MPH) Masataka Yoshida to second
|
Batting: LHB Oscar Colas
|
0-0: Called Strike 0-1: Ball 1-1: Ball 2-1: Ground out U3 (Groundball, 3L, EV 101.9 MPH) Masataka Yoshida to third
|
Batting: RHB Nick Castellanos
|
0-0: Foul Ball, location: 23FF 0-1: Ball 1-1: Swinging Strike 1-2: Ball 2-2: Ball 3-2: Foul Ball, location: 5FF 3-2: Base on Balls
|
Batting: RHB Andrew McCutchen
|
0-0: Ball 1-0: Ball 2-0: Ball 3-0: Called Strike 3-1: Base on Balls Nick Castellanos to second
|
Batting: RHB Carlos Perez
|
0-0: Swinging Strike 0-1: Foul Ball, location: 9LSF 0-2: Ball 1-2: Ball 2-2: Strikes out swinging
|
Top of the 6th over - 0 runs, 0 hits, 0 errors, 3 left on base; Baltimore 2 - San Diego 2 |
BOTTOM OF THE 6TH |
San Diego Padres batting - Pitching for Baltimore Orioles : RHP Luis Ortiz
|
Batting: RHB Harrison Bader
|
0-0: Called Strike 0-1: Fly out, F6 (Popup, 6MD, EV 47.5 MPH)
|
Batting: LHB Freddie Freeman
|
0-0: Called Strike 0-1: Ground out 4-3 (Groundball, 4, EV 84.4 MPH)
|
Batting: RHB Seiya Suzuki
|
0-0: Ball 1-0: Foul Ball, location: 9LDF 1-1: Swinging Strike 1-2: Ball 2-2: Foul Ball, location: 3DF 2-2: Foul Ball, location: 9LSF 2-2: Ground out 6-3 (Groundball, 6, EV 80.6 MPH)
|
Bottom of the 6th over - 0 runs, 0 hits, 0 errors, 0 left on base; Baltimore 2 - San Diego 2 |
TOP OF THE 7TH |
Baltimore Orioles batting - Pitching for San Diego Padres : LHP Tanner Scott
|
Pitching: RHP Ben Leeper
|
|
Batting: RHB Wilfredo Tovar
|
0-0: DOUBLE (Line Drive, 9LD, EV 101.9 MPH)
|
Batting: LHB Jose Devers
|
0-0: Called Strike 0-1: Foul Ball, location: 9LMF 0-2: Strikes out swinging passed ball, reaches first! Wilfredo Tovar to third
|
Batting: RHB Vaughn Grissom
|
0-0: Called Strike 0-1: Foul Ball, location: 2F 0-2: SINGLE (Groundball, 56D, EV 96.3 MPH) Wilfredo Tovar scores Jose Devers to second
|
Batting: LHB Masataka Yoshida
|
0-0: Called Strike 0-1: Foul Ball, location: 3F 0-2: Ball 1-2: Ball 2-2: 3-RUN HOME RUN (Flyball, 8RXD, EV 107.5 MPH), Distance : 410 ft
|
Pitching: LHP Drew Rom
|
|
Batting: RHB Trevor Story
|
0-0: Ball 1-0: Called Strike 1-1: Ball 2-1: Foul Ball, location: 5F 2-2: Foul Ball, location: 2LF 2-2: SINGLE (Flyball, 6D, EV 88.8 MPH)
|
Batting: LHB Oscar Colas
|
0-0: Ball 1-0: Called Strike 1-1: Ball 2-1: SINGLE (Line Drive, 9S, EV 90.0 MPH) Trevor Story to second Runner from 2nd tries for 3rd, SAFE, no throw by RF
|
Batting: RHB Nick Castellanos
|
0-0: Swinging Strike 0-1: Fly out, F6 (Popup, P, EV 83.1 MPH)
|
Batting: RHB Andrew McCutchen
|
0-0: Fly out, F3 (Popup, 34S, EV 85.6 MPH)
|
Batting: RHB Carlos Perez
|
0-0: Called Strike 0-1: Foul Ball, location: 2F 0-2: Foul Ball, location: 2F 0-2: Strikes out swinging
|
Top of the 7th over - 4 runs, 5 hits, 0 errors, 2 left on base; Baltimore 6 - San Diego 2 |
BOTTOM OF THE 7TH |
San Diego Padres batting - Pitching for Baltimore Orioles : RHP Luis Ortiz
|
Pitching: RHP Joe Barlow
|
|
Batting: LHB Joc Pederson
|
0-0: Ground out U3 (Groundball, 34S, EV 78.8 MPH)
|
Batting: SHB Tommy Edman
|
0-0: Ball 1-0: Fly out, F7 (Flyball, 7, EV 89.4 MPH)
|
Batting: SHB Carlos Santana
|
0-0: Called Strike 0-1: Foul Ball, location: 2F 0-2: Strikes out swinging
|
Bottom of the 7th over - 0 runs, 0 hits, 0 errors, 0 left on base; Baltimore 6 - San Diego 2 |
TOP OF THE 8TH |
Baltimore Orioles batting - Pitching for San Diego Padres : LHP Drew Rom
|
Pitching: RHP Joe Jimenez
|
|
Batting: RHB Wilfredo Tovar
|
0-0: Called Strike 0-1: Ground out 4-3 (Groundball, 4S, EV 78.1 MPH)
|
Batting: LHB Jose Devers
|
0-0: Ball 1-0: Called Strike 1-1: Foul Ball, location: 7LSF 1-2: Foul Ball, location: 7LDF 1-2: Strikes out swinging
|
Batting: RHB Vaughn Grissom
|
0-0: Called Strike 0-1: Foul Ball, location: 2F 0-2: Foul Ball, location: 2RF 0-2: Ball 1-2: Ground out 6-3 (Groundball, 6, EV 83.1 MPH)
|
Top of the 8th over - 0 runs, 0 hits, 0 errors, 0 left on base; Baltimore 6 - San Diego 2 |
BOTTOM OF THE 8TH |
San Diego Padres batting - Pitching for Baltimore Orioles : RHP Joe Barlow
|
Pitching: RHP Rafael Montero
|
|
Batting: RHB Edmundo Sosa
|
0-0: Ground out 5-3 (Groundball, 56S, EV 80.6 MPH)
|
Batting: RHB Jorge Alfaro
|
0-0: Ball 1-0: Called Strike 1-1: Foul Ball, location: 9LDF 1-2: Strikes out swinging
|
Batting: LHB Mike Moustakas
|
0-0: Ball 1-0: Ball 2-0: Foul Ball, location: 2F 2-1: Ball 3-1: Foul Ball, location: 7LSF 3-2: Foul Ball, location: 7LMF 3-2: Ground out 6-3 (Groundball, 4, EV 108.1 MPH)
|
Bottom of the 8th over - 0 runs, 0 hits, 0 errors, 0 left on base; Baltimore 6 - San Diego 2 |
TOP OF THE 9TH |
Baltimore Orioles batting - Pitching for San Diego Padres : RHP Joe Jimenez
|
Pitching: LHP Sean Doolittle
|
|
Batting: LHB Masataka Yoshida
|
0-0: Ground out 4-3 (Groundball, 34, EV 81.3 MPH)
|
Batting: RHB Trevor Story
|
0-0: Ball 1-0: Ball 2-0: Ball 3-0: Called Strike 3-1: Called Strike 3-2: Base on Balls
|
Batting: LHB Oscar Colas
|
0-0: Ball Trevor Story is caught stealing 2nd base 2-6 1-0: Foul Ball, location: 7LMF 1-1: Foul Ball, location: 23FF 1-2: Ball 2-2: Ball 3-2: Foul Ball, location: 2LF 3-2: Fly out, F9 (Flyball, 89S, EV 98.8 MPH)
|
Top of the 9th over - 0 runs, 0 hits, 0 errors, 0 left on base; Baltimore 6 - San Diego 2 |
BOTTOM OF THE 9TH |
San Diego Padres batting - Pitching for Baltimore Orioles : RHP Rafael Montero
|
Pitching: RHP Luis Oviedo
|
|
Batting: RHB Harrison Bader
|
0-0: SINGLE (Groundball, 6MS, EV 64.4 MPH) (infield hit)
|
Batting: LHB Freddie Freeman
|
0-0: Called Strike 0-1: Fielders Choice at 2nd, 4-6 (Groundball, 34, EV 81.9 MPH)
|
Batting: RHB Seiya Suzuki
|
0-0: Swinging Strike 0-1: Called Strike 0-2: Ball 1-2: Ball 2-2: Foul Ball, location: 5F 2-2: Foul Ball, location: 2F 2-2: Ball 3-2: Strikes out looking
|
Batting: LHB Joc Pederson
|
0-0: Called Strike 0-1: Called Strike 0-2: Ball 1-2: Strikes out swinging
|
Bottom of the 9th over - 0 runs, 1 hit, 0 errors, 1 left on base; Baltimore 6 - San Diego 2 |
|